 Dungeon Crawl Stone Soup version 0.26.1 (webtiles) character file.

Game seed: 13394715838552104238

252 BOMJPIETVODKU the Skirmisher (level 5, 0/41 HPs)
             Began as a Demonspawn Fighter on Feb 4, 2021.
             Was an Initiate of Ru.
             Slain by an orc
             ... wielding a +0 short sword
              (5 damage)
             ... on level 3 of the Dungeon.
             The game lasted 00:06:01 (2816 turns).

BOMJPIETVODKU the Skirmisher (Demonspawn Fighter)   Turns: 2816, Time: 00:06:02

Health: 0/41       AC:  9    Str: 18    XL:     5   Next: 89%
Magic:  5/5        EV:  8    Int:  9    God:    Ru [......]
Gold:   49         SH: 13    Dex: 12    Spells: 4/4 levels left

rFire    . . .     SeeInvis .   a - +0 long sword
rCold    . . .     Faith    .   c - +0 kite shield
rNeg     . . .     Spirit   .   s - +1 ring mail {Will+}
rPois    .         Reflect  .   (no helmet)
rElec    .         Harm     .   j - +0 cloak (curse)
rCorr    .         Rampage  .   z - +0 pair of gloves
Will     +....                  (no boots)
Stlth    +.........             (no amulet)
HPRegen  0.13/turn              (no ring)
MPRegen  0.09/turn              (no ring)

@: lethally poisoned (0 -> -1)
A: hooves 1, large bone plates 1, demonic guardian 1
a: Renounce Religion


You were on level 3 of the Dungeon.
You worshipped Ru.
Ru was noncommittal.
You visited 1 branch of the dungeon, and saw 4 of its levels.

You collected 49 gold pieces.

Inventory:

Hand Weapons
 a - a +0 long sword (weapon)
 n - a +3 whip
Armour
 b - a +0 scale mail
 c - a +0 kite shield (worn)
 j - a cursed +0 cloak (worn)
 s - a +1 ring mail of willpower (worn)
 z - a +0 pair of gloves (worn)
Wands
 v - a wand of digging (2)
 w - a wand of polymorph (13)
 y - a wand of disintegration (14)
Scrolls
 e - 2 scrolls of amnesia {unknown}
 g - 7 scrolls of teleportation {unknown}
 h - 7 scrolls of identify {unknown}
 l - a scroll of remove curse {unknown}
 o - 2 scrolls of fog {unknown}
 p - a scroll of magic mapping {unknown}
 q - a scroll of fear {unknown}
 x - a scroll of immolation {unknown}
Potions
 d - a potion of might
 f - a potion of degeneration {unknown}
 i - 2 potions of resistance {unknown}
 k - 2 potions of magic {unknown}
 m - a potion of curing {unknown}
 r - a potion of brilliance {unknown}
 t - 2 potions of flight {unknown}
 u - a potion of attraction {unknown}


   Skills:
 + Level 3.6 Fighting
 + Level 3.4 Long Blades
 + Level 3.6 Armour
 + Level 0.6 Dodging
 + Level 0.5 Stealth
 + Level 3.1 Shields
 * Level 2.0 Unarmed Combat


You had 4 spell levels left.
You didn't know any spells.
Your spell library was empty.

Dungeon Overview and Level Annotations

Branches:
Dungeon (4/15)
 Temple: D:4-7

Altars:
Dithmenos
Ru
Uskayaw
Xom
The Shining One


Innate Abilities, Weirdness & Mutations

You have large cloven feet.
You are partially covered in large bone plates. (SH +4)
A weak demonic guardian rushes to your aid.


Message History

Deactivating autopickup; reactivate with Ctrl-A.
Your white imp hits the orc.
Your white imp freezes the orc.
You block the orc warrior's attack. You block the orc's attack.
You hit the orc warrior.
The orc warrior is heavily wounded.
You feel sick.
Your white imp barely misses the orc.
The orc warrior closely misses you. You block the orc's attack.
Your white imp closely misses the orc.
You hit the orc warrior but do no damage.
The orc warrior is heavily wounded.
The orc hits you but does no damage. You block the orc warrior's attack.
Your white imp hits the orc but does no damage.
You hit the orc warrior but do no damage.
Your kick misses the orc warrior.
The orc warrior is heavily wounded.
You feel sick. You block the orc's attack.
The orc warrior hits you with a +0 scimitar!
* * * LOW HITPOINT WARNING * * *
Your white imp misses the orc.
The orc hits you with a +0 short sword.
You die...

..# #.# #.....#.# #.#
#.# ###.....#.# #.#
#)######<........# #.#
##................#
#.#
#......##........##
#.####(###.####...#.##
#......# #.## #5....#
######## #..# ##o##.#
##.# #@##.# #.#
#o##.## #.# #{#.#.##
#.# #..###.# #.#
#...#.##
###.#####...## #.....#
#..##
########†###.###..#
#........# #..##..#


You could see an orc warrior, an orc and a friendly white imp (summoned).

Vanquished Creatures
  A necrophage (D:3)
  Ijyb (D:3)
  Natasha (twice) (D:2)
  A worker ant (D:4)
  An ooze (D:3)
  An orc (D:3)
  3 ball pythons
  2 giant cockroaches
  8 goblins
  7 hobgoblins
  6 kobolds
  2 quokkas (D:3)
  6 bats
  4 rats
45 creatures vanquished.

Vanquished Creatures (collateral kills)
  An orc priest (D:4)
1 creature vanquished.

Grand Total: 46 creatures vanquished

Notes
Turn   | Place    | Note
-------+----------+-------------------------------------------
     0 | D:1      | BOMJPIETVODKU the Demonspawn Fighter began the quest for
                  | the Orb.
     0 | D:1      | Reached XP level 1. HP: 18/18 MP: 1/1
   271 | D:1      | Gained mutation: You have large cloven feet. [demonic
                  | ancestry]
   271 | D:1      | Reached XP level 2. HP: 24/24 MP: 2/2
   349 | D:1      | Found a glowing golden altar of the Shining One.
   622 | D:2      | Found a shimmering altar of Xom.
   622 | D:2      | Found a shimmering altar of Xom.
   623 | D:2      | Found a shimmering altar of Xom.
   623 | D:2      | Found a shimmering altar of Xom.
   625 | D:2      | Found a shimmering altar of Xom.
   625 | D:2      | Found a shimmering altar of Xom.
   625 | D:2      | Found a shimmering altar of Xom.
   647 | D:2      | Found a shimmering altar of Xom.
   648 | D:2      | Found a shimmering altar of Xom.
   713 | D:2      | Found a shimmering altar of Xom.
  1039 | D:2      | Noticed Natasha
  1047 | D:2      | Killed Natasha
  1048 | D:2      | Gained mutation: You are partially covered in large bone
                  | plates. (SH +4) [demonic ancestry]
  1048 | D:2      | Reached XP level 3. HP: 21/29 MP: 3/3
  1198 | D:2      | Found a sacrificial altar of Ru.
  1200 | D:2      | Noticed Natasha
  1209 | D:2      | Killed Natasha
  1210 | D:2      | Reached skill level 1 in Unarmed Combat
  1210 | D:2      | Reached XP level 4. HP: 9/35 MP: 4/4
  1727 | D:2      | Found a shadowy altar of Dithmenos.
  1861 | D:2      | Became a worshipper of Ru the Awakened
  1897 | D:3      | Noticed a necrophage
  1908 | D:3      | Killed a necrophage
  1909 | D:3      | Gained mutation: A weak demonic guardian rushes to your
                  | aid. [demonic ancestry]
  1909 | D:3      | Reached XP level 5. HP: 32/41 MP: 5/5
  2069 | D:3      | Noticed Ijyb
  2096 | D:3      | Killed Ijyb
  2682 | D:4      | Found a hide-covered altar of Uskayaw.
  2682 | D:4      | Noticed an orc warrior
  2816 | D:3      | Slain by an orc

Illustrated notes

Levels and vault maps discovered:
D:1:      minmay_arrival_jagged, layout_basic, tso_altar
D:2:      layout_loops_ring, nicolae_overflow_hidden_temple,
          nicolae_ru_sacrificial_ziggurat, xom_redecorated, uniq_natasha
D:3:      layout_loops_ring, uniq_ijyb
D:4:      layout_loops_ring, eat_drink_and_be_merry_uskayaw, grunt_decor_cap,
          uniq_crazy_yiuf_cottage

Skill      XL: |  1  2  3  4  5 |
---------------+----------------+-----
Armour         | 3 |  3.6
Long Blades    | 2 3 |  3.4
Shields        | 3 |  3.1
Unarmed Combat | 1 2 |  2.0
Fighting       | |  3.6
Dodging        | |  0.6
Stealth        | |  0.5

Action                   |  1- 3 |  4- 6 || total
-------------------------+-------+-------++-------
Melee: Long sword        |    61 |    83 ||   144
       Kick              |     9 |    28 ||    37
Armor: Scale mail        |    26 |     1 ||    27
       Ring mail         |       |    33 ||    33
Dodge: Dodged            |     9 |    25 ||    34
Block: Kite shield       |    23 |    65 ||    88
       Rpst.: Long sword |     2 |     9 ||    11
